[Event "Team 45 45 League T28"]
[Site "Internet Chess Club"]
[Date "2005.09.18"]
[Round "1"]
[White "chicopee-ed"]
[Black "jacknor"]
[Result "1/2-1/2"]
[WhiteElo "1537"]
[BlackElo "1639"]
[TimeControl "2700+45"]

1. d4 d5 2. Nf3 Bf5 3. c4 e6 4. Nc3 c6 5. e3 Nd7 6. Be2 Be7 7. Bd2 h6 8. Rc1
Ngf6 9. cxd5 Nxd5 10. Nxd5 cxd5 11. a3 O-O 12. h3 Nf6 13. Qb3 Rb8 14. Bb4 Ne4
15. Bxe7 Qxe7 16. Bd3 Rfc8 17. O-O Rc7 18. Rxc7 Qxc7 19. Qc2 Qxc2 20. Bxc2 Rc8
21. Bb1 Nd6 22. Bxf5 Nxf5 23. Ne5 Rc2 24. Nd3 Rd2 25. Nb4 Rxb2 26. Rc1 Rb3 27.
Rc8+ Kh7 28. Rc7 a5 29. Rxf7 axb4 30. Rxb7 Rxa3 31. Rxb4 Ra6 32. g4 Nd6 33. Kg2
Kg6 34. h4 Rc6 35. Kf3 Nc4 36. Rb7 Nd6 37. Ra7 Rb6 38. Rd7 Nf7 39. Kg3 Kf6 40.
f4 Nd6 41. Kf3 Kg6 42. h5+ Kh7 43. Re7 Ne4 44. Re8 Nf6 45. Re7 Ne4 46. Re8 Nf6
47. Re7 Ne4 48. Re8 {Game drawn by repetition} 1/2-1/2

[Event "Team 45 45 League T28"]
[Site "Internet Chess Club"]
[Date "2005.09.19"]
[Round "1"]
[White "EyeAm"]
[Black "Pawndemonium"]
[Result "0-1"]
[WhiteElo "1352"]
[BlackElo "1532"]
[TimeControl "2700+45"]

1. e4 e5 2. Nf3 Nc6 3. Bc4 Nd4 4. d3 Nxf3+ 5. Qxf3 Qf6 6. Nd2 Bc5 7. O-O d6 8.
Qxf6 Nxf6 9. h3 Bd7 10. a3 g5 11. Nb3 g4 12. Nxc5 dxc5 13. Bg5 Nh5 14. h4 f6 15.
Be3 b6 16. g3 Ke7 17. c3 Rad8 18. Ba2 Bc6 19. Rad1 Rd7 20. Rd2 Rhd8 21. Rfd1 Ng7
22. Bb1 Ne6 23. Ba2 h5 24. Bxe6 Kxe6 25. b4 Ba4 26. Rc1 c4 27. d4 exd4 28. cxd4
Bb3 29. d5+ Ke5 30. Bd4+ Kxe4 31. Bxf6 Rxd5 32. Re1+ Kf5 33. Bxd8 Rxd2 34. Bxc7
c3 35. Bf4 Rd1 36. Rxd1 Bxd1 37. Kf1 Ke4 38. Ke1 Bf3 39. a4 a6 40. b5 axb5 41.
axb5 Kd3 42. Be3 c2 43. Bd2 Kc4 44. Bc1 Kxb5 45. Kd2 Bd1 46. Ke3 Kc4 47. Kd2 b5
48. Bb2 b4 49. Bc1 Kb3 50. Kd3 Ka2 {White resigns} 0-1

[Event "Team 45 45 League T28"]
[Site "Internet Chess Club"]
[Date "2005.09.16"]
[Round "1"]
[White "miam-miam"]
[Black "Nelsi"]
[Result "1-0"]
[WhiteElo "2016"]
[BlackElo "2054"]
[TimeControl "2700+45"]

1. Nf3 Nf6 2. g3 b6 3. Bg2 Bb7 4. O-O c5 5. c4 e6 6. Nc3 a6 7. d4 Be7 8. d5 exd5
9. cxd5 d6 10. a4 O-O 11. e4 Nbd7 12. Nh4 Re8 13. Nf5 Bf8 14. g4 Kh8 15. g5 Ng8
16. f4 b5 17. Qg4 b4 18. Ne2 a5 19. b3 Ba6 20. Bb2 Nb6 21. Neg3 Bxf1 22. Bxf1 c4
23. bxc4 Rc8 24. Nh5 f6 25. Nfxg7 Bxg7 26. gxf6 Qxf6 27. Qxg7+ Qxg7+ 28. Bxg7#
{Black checkmated} 1-0

[Event "Team 45 45 League T28"]
[Site "Internet Chess Club"]
[Date "2005.09.17"]
[Round "1"]
[White "syy89"]
[Black "DavidBarnsley"]
[Result "1/2-1/2"]
[WhiteElo "2090"]
[BlackElo "2040"]
[TimeControl "2700+45"]

1. e4 e6 2. d4 d5 3. e5 c5 4. c3 Nc6 5. Nf3 Bd7 6. a3 f6 7. Bd3 fxe5 8. Nxe5 Nf6
9. O-O cxd4 10. Nxc6 bxc6 11. cxd4 c5 12. g4 Bd6 13. g5 Ne4 14. Bxe4 dxe4 15.
dxc5 Bxc5 16. Qh5+ g6 17. Qg4 Rc8 18. Nc3 e5 19. Qxe4 Bd4 20. Be3 Bc6 21. Qg4
O-O 22. Bxd4 exd4 23. Rad1 Bf3 24. Qe6+ Rf7 25. Ne4 Bxe4 26. Qxe4 Qxg5+ 27. Kh1
Rcf8 28. Rxd4 Qb5 29. Rg1 Qxb2 30. Rxg6+ hxg6 31. Qxg6+ Rg7 32. Qe6+ Rff7 33.
Rd8+ Kh7 34. Qh3+ Kg6 35. Qg4+ Kh6 36. Qh3+ Kg6 37. Qg3+ Kf6 38. Qf4+ Kg6 39.
Qg4+ Kh6 {Game drawn by mutual agreement} 1/2-1/2

[Event "Team 45 45 League T28"]
[Site "Internet Chess Club"]
[Date "2005.09.18"]
[Round "1"]
[White "matman"]
[Black "elnik"]
[Result "1-0"]
[WhiteElo "1963"]
[BlackElo "1936"]
[TimeControl "2700+45"]

1. e4 c5 2. Nf3 Nc6 3. d4 cxd4 4. Nxd4 Nf6 5. Nc3 e5 6. Ndb5 d6 7. Bg5 a6 8. Na3
b5 9. Bxf6 gxf6 10. Nd5 f5 11. g3 Bg7 12. Bg2 O-O 13. exf5 Bxf5 14. Ne3 Bd7 15.
Qxd6 Rc8 16. O-O Be6 17. Rfd1 Qxd6 18. Rxd6 e4 19. c3 b4 20. Nac4 bxc3 21. bxc3
Nb4 22. a3 Bxc3 23. Rc1 Bxc4 24. Rxc3 Nd5 25. Nxd5 Bxd5 26. Rxc8 Rxc8 27. Rxd5
{Black resigns} 1-0

[Event "Team 45 45 League T28"]
[Site "Internet Chess Club"]
[Date "2005.09.18"]
[Round "1"]
[White "alexcolins"]
[Black "Div-anand"]
[Result "0-1"]
[WhiteElo "1827"]
[BlackElo "1889"]
[TimeControl "2700+45"]

1. d4 Nf6 2. Nf3 g6 3. Nc3 Bg7 4. e4 d6 5. Be3 O-O 6. Qd2 Nc6 7. Bh6 e5 8. Bxg7
Kxg7 9. O-O-O Bg4 10. dxe5 dxe5 11. Qe3 Qe7 12. Be2 Bxf3 13. Bxf3 Nd4 14. h4 h5
15. g4 Nxf3 16. Qxf3 Nxg4 17. Nd5 Qc5 18. Rd2 c6 19. Nc3 Rad8 20. Rhd1 Qb6 21.
Qg3 f6 22. Na4 Qa5 23. Qb3 Rxd2 24. Rxd2 Rf7 25. f3 Nh6 26. Nc3 Qb6 27. Qe6 Qe3
28. Nd1 Qxf3 29. Rd8 Qf4+ 30. Kb1 Qg4 31. Qe8 g5 32. hxg5 Qxg5 33. b3 h4 34.
Qh8+ Kg6 35. Rd3 Qg4 36. Ne3 Qxe4 37. Qc8 Kh7 38. Qh3 Rg7 39. Nc4 Qg4 40. Qe3
Qg1+ 41. Kb2 Qxe3 42. Rxe3 Rg3 43. Re4 h3 44. Rh4 Kg6 45. Nd6 Kg5 46. Rxh6 Kxh6
47. Nf5+ Kg5 48. Nxg3 Kg4 49. Nf1 Kf3 50. Kc3 Kf2 51. Nh2 f5 52. Kd2 Kg2 53. Ke2
Kxh2 54. Kf2 e4 55. c4 e3+ 56. Kxe3 Kg2 57. b4 h2 {White resigns} 0-1

[Event "Team 45 45 League T28"]
[Site "Internet Chess Club"]
[Date "2005.09.18"]
[Round "1"]
[White "Burning-Bush"]
[Black "Gregorio"]
[Result "1/2-1/2"]
[WhiteElo "2120"]
[BlackElo "2130"]
[TimeControl "2700+45"]

1. d4 Nf6 2. c4 g6 3. Nc3 d5 4. Nf3 Bg7 5. cxd5 Nxd5 6. e4 Nxc3 7. bxc3 c5 8.
Rb1 O-O 9. Be2 Nc6 10. d5 Ne5 11. Bd2 Nxf3+ 12. Bxf3 b6 13. O-O Ba6 14. Be2 Bxe2
15. Qxe2 {Game drawn by mutual agreement} 1/2-1/2

[Event "Team 45 45 League T28"]
[Site "Internet Chess Club"]
[Date "2005.09.18"]
[Round "1"]
[White "gracey"]
[Black "searchforbobby1"]
[Result "1/2-1/2"]
[WhiteElo "2088"]
[BlackElo "2102"]
[TimeControl "2700+45"]

1. e4 c5 2. f4 Nc6 3. Nf3 e6 4. Bb5 Nd4 5. Nxd4 cxd4 6. O-O a6 7. Ba4 b5 8. Bb3
Bb7 9. d3 Qc7 10. Nd2 Bc5 11. Qg4 Ne7 12. Qxg7 Rg8 13. Qxh7 O-O-O 14. Qxf7 Rdf8
15. Qh5 Nf5 16. Rf2 Ne3 17. Nf1 {Game drawn by mutual agreement} 1/2-1/2

[Event "Team 45 45 League T28"]
[Site "Internet Chess Club"]
[Date "2005.09.18"]
[Round "1"]
[White "PaulKaspar"]
[Black "A-Ru"]
[Result "1-0"]
[WhiteElo "1878"]
[BlackElo "1833"]
[TimeControl "2700+45"]

1. e4 e6 2. d4 d5 3. e5 c5 4. Nf3 Nc6 5. Bb5 Qb6 6. a4 a6 7. Bxc6+ bxc6 8. O-O
cxd4 9. a5 Qc7 10. Qxd4 c5 11. Qc3 Ne7 12. b4 c4 13. Re1 Nc6 14. Ba3 Na7 15. Qd2
Nb5 16. Bb2 Be7 17. Na3 Bd7 18. Nxb5 Bxb5 19. Bd4 c3 20. Qxc3 Qxc3 21. Bxc3 Rc8
22. Re3 Kd7 23. Nd4 Bc4 24. Rf3 f6 25. exf6 Bxf6 26. Re1 e5 27. Nf5 d4 28. Ba1
Bd5 29. Rg3 g6 30. Nh6 Rxc2 31. Ng4 Bg7 32. h3 Kd6 33. Rd3 h5 34. Nxe5 Bxe5 35.
Bxd4 Re8 36. Bc5+ Kc6 37. Rde3 Rc4 38. Rxe5 Rxe5 39. Rxe5 Rf4 40. f3 Rc4 41. Rg5
Bf7 42. Kf2 Kd7 43. Ke3 Ke6 44. f4 Be8 45. Re5+ Kd7 46. Re7+ Kd8 47. Re6 Rc3+
48. Kd4 Rg3 49. Rxa6 Rxg2 50. Ra8+ Kd7 51. b5 Re2 52. b6 Kc6 53. a6 {Black
resigns} 1-0

[Event "Team 45 45 League T28"]
[Site "Internet Chess Club"]
[Date "2005.09.15"]
[Round "1"]
[White "nightly"]
[Black "chsrules88"]
[Result "1-0"]
[WhiteElo "1908"]
[BlackElo "1819"]
[TimeControl "2700+45"]

1. d4 d5 2. Nf3 c5 3. c3 Nc6 4. e3 Nf6 5. Nbd2 Bf5 6. dxc5 e5 7. b4 a5 8. b5 Na7
9. Nxe5 Bxc5 10. a4 Qe7 11. Nef3 O-O 12. Nb3 b6 13. Bd3 Bg4 14. h3 Bh5 15. O-O
Ne4 16. Bb2 Rad8 17. Nbd4 Qf6 18. Qc2 Bg6 19. c4 Ng5 20. Nxg5 Qxg5 21. Bxg6 fxg6
22. Ne6 Qh4 23. Nxd8 Rxd8 24. Rad1 d4 25. exd4 Bd6 26. c5 Bb8 27. Qb3+ Kh8 28.
Qf7 g5 29. Rde1 g4 30. Re8+ Rxe8 31. Qxe8# {Black checkmated} 1-0

[Event "Team 45 45 League T28"]
[Site "Internet Chess Club"]
[Date "2005.09.18"]
[Round "1"]
[White "ardsrfc"]
[Black "chessateer"]
[Result "0-1"]
[WhiteElo "1684"]
[BlackElo "1832"]
[TimeControl "2700+45"]

1. e4 e5 2. Nf3 Nc6 3. d4 exd4 4. Nxd4 d6 5. Bc4 Nf6 6. Nc3 Be7 7. Be3 O-O 8. f3
Nxd4 9. Qxd4 Be6 10. O-O-O Bxc4 11. Qxc4 a6 12. g4 Qd7 13. h4 b5 14. Qe2 Qe6 15.
Kb1 c6 16. Rd2 a5 17. h5 a4 18. h6 g6 19. g5 Nd7 20. f4 b4 21. Nd1 Qxe4 22. Nf2
Qe6 23. Re1 Rfe8 24. Nd3 c5 25. Qf1 Qf5 26. Nc1 Nf8 27. Rde2 Ne6 28. Bd2 Nd4 29.
Rxe7 Qxc2+ 30. Ka1 Rxe7 31. Rxe7 Qxd2 32. Ne2 a3 33. Qc1 Nb3+ 34. axb3 axb2+
{White resigns} 0-1

[Event "Team 45 45 League T28"]
[Site "Internet Chess Club"]
[Date "2005.09.18"]
[Round "1"]
[White "room-matt"]
[Black "tarheels"]
[Result "1-0"]
[WhiteElo "1831"]
[BlackElo "1712"]
[TimeControl "2700+45"]

1. e4 c5 2. Nf3 Nc6 3. d4 cxd4 4. Nxd4 e5 5. Nb5 d6 6. Bg5 f6 7. Be3 a6 8. N5c3
Be6 9. Nd5 Nge7 10. Bc4 Na5 11. Bb6 Nxc4 12. Bxd8 Rxd8 13. Nc7+ Kd7 14. Nxe6
Kxe6 15. Qg4+ Kf7 16. b3 Nb6 17. f4 g6 18. O-O f5 19. exf5 gxf5 20. Qf3 e4 21.
Qh5+ Ke6 22. Nd2 Rc8 23. c4 d5 24. cxd5+ Nbxd5 25. Nxe4 fxe4 26. Qe5+ Kd7 27.
Qxh8 Nc6 28. Qxh7+ {Black resigns} 1-0

[Event "Team 45 45 League T28"]
[Site "Internet Chess Club"]
[Date "2005.09.19"]
[Round "1"]
[White "GolferBob"]
[Black "cayo89"]
[Result "1/2-1/2"]
[WhiteElo "1678"]
[BlackElo "1733"]
[TimeControl "2700+45"]

1. d4 d5 2. Nf3 Nf6 3. Bf4 c6 4. e3 Qb6 5. b3 Bg4 6. Be2 e6 7. O-O Ne4 8. a3 Nd7
9. Nfd2 Bxe2 10. Qxe2 Ndf6 11. Nxe4 Nxe4 12. f3 Nf6 13. Nd2 Be7 14. c4 O-O 15.
c5 Qd8 16. b4 a6 17. Nb3 Nh5 18. Be5 f6 19. Bg3 Nxg3 20. hxg3 f5 21. Rad1 Qc7
22. f4 Qd7 23. Rc1 Bd8 24. Rc2 Qf7 25. Nd2 Qg6 26. Qf2 Qg4 27. Qf3 h5 {Game
drawn by mutual agreement} 1/2-1/2

[Event "Team 45 45 League T28"]
[Site "Internet Chess Club"]
[Date "2005.09.24"]
[Round "1"]
[White "clarinetref"]
[Black "nir8888"]
[Result "1/2-1/2"]
[WhiteElo "1528"]
[BlackElo "1665"]
[TimeControl "2700+45"]

1. Nf3 c5 2. c4 Nc6 3. d4 cxd4 4. Nxd4 e6 5. a3 Nf6 6. Nc3 d6 7. g3 Bd7 8. Bg2
Be7 9. O-O O-O 10. Be3 a6 11. b4 Nxd4 12. Bxd4 Bc6 13. f3 Bd7 14. Qb3 Rb8 15.
Rfd1 Qc7 16. Rac1 b6 17. Qa2 Bc6 18. b5 Bb7 19. bxa6 Bxa6 20. Nb5 Qd7 21. Rb1 d5
22. Be5 Bxb5 23. Rxb5 Bc5+ 24. Bd4 Bxd4+ 25. Rxd4 Rfc8 26. Rb4 Rc5 27. Qb3 Qc6
28. a4 dxc4 29. Rdxc4 Nd5 30. f4 Qd6 31. Bxd5 Rxd5 32. Qc2 Rd8 33. Rb1 g6 34.
Rc6 Rd1+ 35. Rxd1 Qxd1+ 36. Qxd1 Rxd1+ 37. Kf2 Rb1 38. Rc8+ Kg7 39. Rb8 Ra1 40.
Rxb6 Rxa4 41. Rb5 Kf6 42. h4 h5 43. e3 Ra1 44. Ke2 Rg1 45. Kf2 Rd1 46. Ke2 Rd5
47. Rxd5 exd5 48. Kf3 Kf5 49. Kf2 Ke4 50. Ke2 d4 51. exd4 Kxd4 52. Kf3 f5 53.
Ke2 Ke4 54. Kf2 Kd3 55. Kf3 Kd2 56. Kf2 Kd1 57. Kf1 Kd2 58. Kf2 Kd3 59. Kf3 Kd4
60. Kf2 Ke4 61. Ke2 {Game drawn by mutual agreement} 1/2-1/2  arinay(71): hola
haduken

[Event "Team 45 45 League T28"]
[Site "Internet Chess Club"]
[Date "2005.09.15"]
[Round "1"]
[White "Boromir"]
[Black "nightly"]
[Result "1/2-1/2"]
[WhiteElo "1860"]
[BlackElo "1895"]
[TimeControl "2700+45"]

1. e4 c5 2. Nf3 g6 3. c3 Bg7 4. d4 cxd4 5. cxd4 d5 6. exd5 Nf6 7. Bb5+ Nbd7 8.
Nc3 O-O 9. O-O Nb6 10. Re1 Nfxd5 11. Bg5 h6 12. Bh4 Bg4 13. Be2 Rc8 14. Rc1 Nf4
15. h3 Be6 16. Bg3 Nbd5 17. Ne5 Bxe5 18. dxe5 Nxc3 19. Rxc3 Rxc3 20. bxc3 Nxe2+
21. Qxe2 Qa5 22. Qd2 Kg7 23. Bf4 Rh8 24. Be3 a6 25. Qb2 b5 26. a3 Rc8 27. Bd4
Rc4 28. Rc1 Kh7 {Game drawn by mutual agreement} 1/2-1/2

[Event "Team 45 45 League T28"]
[Site "Internet Chess Club"]
[Date "2005.09.18"]
[Round "1"]
[White "Rlopez"]
[Black "chsrules88"]
[Result "1-0"]
[WhiteElo "1777"]
[BlackElo "1800"]
[TimeControl "2700+45"]

1. d4 d5 2. c4 e6 3. Nc3 Nf6 4. Bg5 Be7 5. e3 O-O 6. Nf3 Nc6 7. Rc1 h6 8. Bh4
Re8 9. Bd3 Bb4 10. Ne5 g5 11. Bg3 dxc4 12. Bxc4 Bxc3+ 13. bxc3 Nxe5 14. Bxe5 Bd7
15. Qf3 Nd5 16. Qh5 f6 17. Qg6+ Kf8 18. Qxh6+ Kf7 19. Qh7+ Kf8 20. Bg3 Nb6 21.
Be2 e5 22. Bh5 Be6 23. Bxe8 Qxe8 24. Qh8+ Bg8 25. Qxf6+ Bf7 26. Bxe5 Qb5 27.
Qxg5 Qd3 28. f3 Nd5 29. Kf2 Qd2+ 30. Kg3 Nxe3 31. Rhg1 Be6 32. Qf6+ Bf7 33. Bf4
Qd3 34. Qh6+ Ke7 35. Bxe3 Rg8+ 36. Kf2 Bc4 37. Rge1 Kd7 38. Qf4 Be6 39. Qe4 Qb5
40. Bf4 Re8 41. Qc2 Rf8 42. Bg3 Bf5 43. Qb3 Qd3 44. c4 Qd2+ 45. Kg1 Qxd4+ 46.
Kh1 Qg7 47. Qxb7 Rc8 48. Rcd1+ Bd3 49. Rxd3+ {Black resigns} 1-0

[Event "Team 45 45 League T28"]
[Site "Internet Chess Club"]
[Date "2005.09.17"]
[Round "1"]
[White "Zarek"]
[Black "chivo"]
[Result "0-1"]
[WhiteElo "1824"]
[BlackElo "1707"]
[TimeControl "2700+45"]

1. e4 e6 2. d3 b6 3. g3 Bb7 4. Bg2 g6 5. Nf3 h6 6. O-O Bg7 7. Re1 d6 8. Nbd2 Nc6
9. Qe2 Nge7 10. c3 Qd7 11. a4 a5 12. Nf1 e5 13. h4 f5 14. Bh3 O-O-O 15. Bd2 g5
16. exf5 Nxf5 17. Ne3 Nce7 18. Ra3 Rdf8 19. b4 Kd8 20. Nxf5 Nxf5 21. Qd1 Qc6 22.
Re4 Qe8 23. Re1 Qg6 24. hxg5 hxg5 25. Bxg5+ Bf6 26. Bxf6+ Rxf6 27. Bg2 Qh5 28.
bxa5 Bxf3 29. Qxf3 Qh2+ 30. Kf1 Nxg3+ 31. Qxg3 Qxg3 32. a6 Qxf2# {White
checkmated} 0-1

[Event "Team 45 45 League T28"]
[Site "Internet Chess Club"]
[Date "2005.09.18"]
[Round "1"]
[White "nanning"]
[Black "pokerram"]
[Result "1-0"]
[WhiteElo "1637"]
[BlackElo "1592"]
[TimeControl "2700+45"]

1. e4 c5 2. Nf3 d6 3. d4 cxd4 4. Nxd4 Nf6 5. Nc3 a6 6. f4 e5 7. Nf3 Qc7 8. a4
Bd7 9. Bd3 Nc6 10. O-O Be7 11. Qe1 h6 12. Kh1 Nb4 13. fxe5 dxe5 14. Nd5 Nfxd5
15. exd5 Nxd3 16. cxd3 Bd6 17. Nxe5 O-O 18. Nxd7 Qxd7 19. Qh4 Rfe8 20. Bf4 Bxf4
21. Qxf4 Qxd5 22. Rf3 Re2 23. Rg3 Rae8 24. Rf1 Re1 25. Kg1 Rxf1+ 26. Kxf1 Qe6
27. Qd2 Qb3 28. a5 Qd5 29. b4 Qe6 30. Kf2 Qf6+ 31. Kg1 Qd4+ 32. Kf1 Re6 33. h3
Qa1+ 34. Kf2 Qd4+ 35. Kf1 Rf6+ 36. Rf3 Rxf3+ 37. gxf3 Qh4 38. Kg2 Qf4 39. Qxf4
{Black resigns} 1-0

[Event "Team 45 45 League T28"]
[Site "Internet Chess Club"]
[Date "2005.09.18"]
[Round "1"]
[White "billarvola"]
[Black "Tigram"]
[Result "1/2-1/2"]
[WhiteElo "1988"]
[BlackElo "2026"]
[TimeControl "2700+45"]

1. d4 Nf6 2. c4 g6 3. Nc3 d5 4. Nf3 Bg7 5. e3 O-O 6. Qb3 dxc4 7. Bxc4 a6 8. Ne5
e6 9. a4 c5 10. O-O Qc7 11. Rd1 b6 12. Bd2 Bb7 13. Be1 Nc6 14. Nxc6 Bxc6 15. f3
cxd4 16. exd4 Qb7 17. Bg3 Bh6 18. d5 exd5 19. Nxd5 Nxd5 20. Bxd5 Rad8 21. Bxc6
Qxc6 22. Bf2 b5 23. axb5 axb5 24. Rxd8 {Game drawn by mutual agreement} 1/2-1/2 
ENIGMA(71): como va la movida del tiempo?

[Event "Team 45 45 League T28"]
[Site "Internet Chess Club"]
[Date "2005.09.21"]
[Round "1"]
[White "andy4226uk"]
[Black "vvsi"]
[Result "1/2-1/2"]
[WhiteElo "1780"]
[BlackElo "1865"]
[TimeControl "2700+45"]

1. e4 c6 2. d4 d5 3. f3 Nd7 4. c3 e5 5. exd5 cxd5 6. Bb5 a6 7. Bxd7+ Qxd7 8.
dxe5 Bc5 9. Ne2 Ne7 10. Nd4 O-O 11. O-O Ng6 12. f4 f6 13. exf6 Rxf6 14. Kh1 Qd6
15. Qf3 b5 16. Be3 Bb7 17. Nd2 Raf8 18. g3 Qb6 19. N2b3 Re8 20. Nxc5 Qxc5 21.
Rfe1 Qe7 22. Bf2 Qd7 23. Rxe8+ Qxe8 24. Re1 Qd7 25. Qe2 Rf8 26. Qe6+ Qxe6 27.
Nxe6 Re8 28. Kg1 Nf8 29. Nc5 Rxe1+ 30. Bxe1 Bc8 31. Kf2 Ne6 32. Nb3 Kf7 33. Ke3
Kf6 34. g4 g6 35. Bh4+ g5 36. fxg5+ Kg6 37. Kf3 Nxg5+ 38. Bxg5 Kxg5 39. h3 Kh4
40. Kf4 Kxh3 41. g5 Kh4 42. Nd4 Kh5 43. Nc6 Bh3 44. Nb4 Kg6 45. Nxa6 Bg2 46. Nc7
b4 47. cxb4 d4 48. a4 d3 49. Ke3 Kxg5 50. Kxd3 Kf5 51. Ne8 Ke5 52. b5 h5 53. Ng7
h4 54. Nh5 h3 55. Ke3 h2 56. Ng3 Kd5 57. Kf2 h1=Q 58. Nxh1 Bxh1 59. Ke3 Kc5 60.
Kd3 Kb4 61. Kd4 Kxa4 62. Kc5 Kb3 63. b6 {Game drawn by mutual agreement} 1/2-1/2

[Event "Team 45 45 League T28"]
[Site "Internet Chess Club"]
[Date "2005.09.18"]
[Round "1"]
[White "kabindra"]
[Black "jessewang"]
[Result "0-1"]
[WhiteElo "1852"]
[BlackElo "1861"]
[TimeControl "2700+45"]

1. e4 c5 2. Nf3 d6 3. d4 cxd4 4. Nxd4 Nf6 5. Nc3 e6 6. Bg5 Be7 7. f4 h6 8. Bh4
a6 9. Qf3 Qc7 10. O-O-O b5 11. Bxf6 gxf6 12. Bd3 Bb7 13. Qe3 Nd7 14. Kb1 Nc5 15.
Rhe1 Nxd3 16. cxd3 Rc8 17. Rc1 Qd7 18. g4 b4 19. Nce2 Rxc1+ 20. Rxc1 Bd8 21. Nf3
Qb5 22. Ned4 Qa5 23. Nb3 Qb5 24. Nfd4 Qd7 25. h4 Bb6 26. e5 fxe5 27. fxe5 Bd5
28. Qf4 Bc7 29. exd6 Bxd6 30. Qf6 Rg8 31. g5 hxg5 32. hxg5 Be7 33. Qe5 Rxg5 34.
Qb8+ Bd8 35. Nc5 Bxa2+ 36. Kxa2 Qxd4 37. Nb7 b3+ 38. Ka1 Qa4+ 39. Kb1 Qa2#
{White checkmated} 0-1

[Event "Team 45 45 League T28"]
[Site "Internet Chess Club"]
[Date "2005.09.18"]
[Round "1"]
[White "Sergio56"]
[Black "softbunney"]
[Result "1/2-1/2"]
[WhiteElo "1905"]
[BlackElo "2039"]
[TimeControl "2700+45"]

1. e4 c5 2. Nf3 Nc6 3. d4 cxd4 4. c3 dxc3 5. Nxc3 Nf6 6. Bc4 e6 7. O-O Nxe4 8.
Nxe4 d5 9. Bxd5 Qxd5 10. Qxd5 exd5 11. Nc3 Be6 12. Nb5 O-O-O 13. Bf4 a6 14. Nbd4
Nxd4 15. Nxd4 Bd6 16. Bg5 Rde8 17. Rfe1 Kd7 18. a3 f6 19. Be3 g6 20. Rac1 Bf7
21. Nb3 Re7 22. Nc5+ Kd8 23. Na4 Bc7 24. Red1 Be6 25. Nc5 Be5 26. Nxe6+ Rxe6 27.
Rxd5+ Rd6 28. Bb6+ Kd7 29. Rxd6+ Bxd6 30. g3 f5 31. Rd1 Kc6 32. Be3 Re8 33. Kf1
Re6 34. Ke2 f4 35. gxf4 Bxf4 36. h3 Be5 37. b3 b5 38. Rc1+ Kd7 39. Rd1+ Ke7 40.
Kf3 Rc6 41. Rc1 Rf6+ 42. Ke4 Re6 43. Kf3 Bb2 44. Rc7+ Kd6 45. Ra7 Kd5 46. a4
bxa4 47. bxa4 h5 48. Rb7 Rf6+ 49. Ke2 Be5 50. Rd7+ Kc4 51. Rb7 Re6 52. Rb6 Rxb6
53. Bxb6 Kb4 54. a5 Kb5 55. Kd3 Bf6 56. Ke4 Bc3 57. Kf4 Bd2+ 58. Ke5 Bc3+ 59.
Kf4 Bf6 60. Bc7 Bh4 61. f3 Kc6 62. Bb6 Kd5 63. Bc7 Kd4 64. Bb6+ Kd3 65. Ke5 Ke2
66. Kd5 Kxf3 67. Kc6 Kg2 68. Kb7 Kxh3 69. Kxa6 Be1 70. Kb5 Bxa5 71. Bxa5 g5 72.
Kc4 Kg3 73. Kd4 h4 74. Ke4 g4 75. Be1+ Kh3 76. Kf4 g3 77. Kg5 g2 78. Bf2 Kh2 79.
Kxh4 g1=Q 80. Bxg1+ {Game drawn because neither player has mating material}
1/2-1/2

[Event "Team 45 45 League T28"]
[Site "Internet Chess Club"]
[Date "2005.09.17"]
[Round "1"]
[White "DeLaSalle"]
[Black "alastorx"]
[Result "1-0"]
[WhiteElo "2072"]
[BlackElo "1785"]
[TimeControl "2700+45"]

1. d4 e6 2. Nf3 d5 3. e3 Nf6 4. Bd3 c5 5. b3 Bd6 6. Bb2 Nc6 7. O-O O-O 8. a3 Re8
9. Ne5 Qc7 10. f4 Qb6 11. Nc3 cxd4 12. Na4 Qd8 13. exd4 Ne4 14. Qh5 f5 15. Qf7+
Kh8 16. Ng6+ hxg6 17. Rf3 Nf6 18. Rh3+ Nh5 19. Qxg6 Bxf4 20. Qxh5+ Kg8 21. Be2
Bd7 22. Qh8+ Kf7 23. Bh5+ Ke7 24. Qxg7+ Kd6 25. Bxe8 Qxe8 26. Nc5 Kc7 27. Re1
{Black resigns} 1-0

[Event "Team 45 45 League T28"]
[Site "Internet Chess Club"]
[Date "2005.09.16"]
[Round "1"]
[White "chinta"]
[Black "Irvin"]
[Result "0-1"]
[WhiteElo "1653"]
[BlackElo "1796"]
[TimeControl "2700+45"]

1. e4 c5 2. Nf3 d6 3. Bc4 Nf6 4. Ng5 e6 5. c3 h6 6. Nf3 Nxe4 7. Bxe6 Bxe6 8.
Qa4+ Nc6 9. Qxe4 Be7 10. O-O d5 11. Qe3 d4 12. cxd4 cxd4 13. Qe4 Qd5 14. Qxd5
Bxd5 15. Ne1 d3 16. Nc3 Be6 17. b3 O-O-O 18. Bb2 Bf6 19. Rc1 Kb8 20. Na4 Nd4 21.
Bxd4 Rxd4 22. Nc5 Bf5 23. Nf3 Rd5 24. h3 h5 25. Rfe1 g5 26. Ne4 Bxe4 27. Rxe4
Bb2 28. Rcc4 b5 29. Rcd4 Bxd4 30. Nxd4 f5 31. Nc6+ Kb7 32. Re6 Rc8 33. Na5+ Kb8
34. Nc6+ Kb7 35. Na5+ Kc7 36. Nc6 Rd6 37. Rxd6 Kxd6 38. Nxa7 Rc5 39. b4 Re5 40.
Kf1 Kc7 {White resigns} 0-1  yoflipo(71): ein Mol

[Event "Team 45 45 League T28"]
[Site "Internet Chess Club"]
[Date "2005.09.18"]
[Round "1"]
[White "Irvin"]
[Black "az2112"]
[Result "1/2-1/2"]
[WhiteElo "1791"]
[BlackElo "1695"]
[TimeControl "2700+45"]

1. e4 c5 2. Nf3 Nc6 3. d4 cxd4 4. Nxd4 g6 5. Nc3 Bg7 6. Be3 Nf6 7. f3 O-O 8. Qd2
Nxd4 9. Bxd4 d6 10. O-O-O Be6 11. g4 Qa5 12. Kb1 Rfc8 13. h4 Rxc3 14. Qxc3 Qxa2+
15. Kc1 Rc8 16. Qa3 Qxa3 17. bxa3 Bb3 18. Bd3 e5 19. Bxa7 d5 20. Kb2 Ba4 21. g5
Nh5 22. Be3 dxe4 23. fxe4 Nf4 24. Rd2 f5 25. gxf6 Bxf6 26. Bf2 Nd5 27. exd5 e4+
28. Kb1 exd3 29. cxd3 Rd8 30. Rc1 Be5 31. Rc4 b5 32. Re4 Rxd5 33. d4 Bd6 34. Kb2
b4 35. axb4 Bxb4 36. Rde2 Bb5 37. Re5 Rxe5 38. Rxe5 Bd7 39. Kb3 Bd6 40. Re1 Kf7
41. Kc4 Be6+ 42. d5 Bd7 43. Re3 h6 44. Bg3 Be7 45. d6 Bd8 46. Kd5 g5 47. hxg5
Bxg5 48. Rf3+ Kg6 49. Bf4 Bh4 50. Rf1 h5 51. Rg1+ Bg4 52. Kc6 Kf7 53. Kc7 Ke8
54. d7+ Bxd7 55. Bg5 Bxg5 56. Rxg5 Bg4 57. Kd6 Kf7 58. Ke5 Be2 59. Kf4 Kf6 60.
Rc5 Bg4 61. Rc6+ Kf7 62. Kg5 Ke7 63. Rh6 Kf7 64. Ra6 Ke7 65. Kg6 Kd7 66. Kf6 Kc7
67. Ke7 Kb7 68. Rh6 Kc7 69. Rd6 Bf3 70. Rd3 Bg4 71. Rc3+ Kb6 72. Kd6 Kb5 73. Kd5
Kb4 74. Rc4+ Kb3 75. Kd4 Be6 76. Rc6 Bg4 77. Rc7 Kb2 78. Kd3 Bf3 79. Rf7 Bg4 80.
Rb7+ Kc1 81. Kc3 Kd1 82. Rb2 Ke1 83. Kd3 Kf1 84. Ke3 Kg1 85. Kf4 Kf1 86. Kg3 Ke1
87. Rh2 Kf1 88. Rf2+ Kg1 89. Rf6 Be2 90. Rc6 Bb5 91. Rc5 Be2 92. Rc1+ Bf1 93.
Kh4 Kf2 94. Kxh5 Be2+ 95. Kg5 Ke3 96. Kf5 Bd3+ 97. Ke5 Kd2 98. Rc8 Ba6 99. Ra8
Bc4 100. Kd4 Bf7 101. Rf8 Bh5 102. Rf2+ Ke1 103. Rg2 Kf1 104. Rh2 Bf3 105. Ke3
Bd5 106. Rb2 Kg1 107. Rf2 Be4 108. Rf4 Bd5 109. Rf5 Bc6 110. Rg5+ Kf1 111. Rg3
Bb7 112. Rh3 Bc6 113. Rh2 Bb7 114. Rf2+ Kg1 115. Ke2 Bc6 116. Rf6 Be4 117. Re6
Bd5 118. Re3 Bc4+ 119. Kf3 Bd5+ 120. Kg3 Kf1 {Game drawn by mutual agreement}
1/2-1/2

[Event "Team 45 45 League T28"]
[Site "Internet Chess Club"]
[Date "2005.09.17"]
[Round "1"]
[White "pokerram"]
[Black "Smart"]
[Result "1/2-1/2"]
[WhiteElo "1607"]
[BlackElo "1539"]
[TimeControl "2700+45"]

1. d4 d6 2. c4 e5 3. d5 f5 4. Nc3 Nf6 5. Bg5 Be7 6. Bxf6 Bxf6 7. e4 O-O 8. Bd3
g6 9. Qc2 Bg5 10. Nf3 Bh6 11. h4 Kg7 12. b4 Na6 13. a3 c5 14. b5 Nc7 15. a4 b6
16. a5 Bd7 17. a6 Ne8 18. Nd2 Qf6 19. O-O-O Rh8 20. Kb1 Kf7 21. Rdg1 Ng7 22. g3
Raf8 23. Rf1 Nh5 24. Rfg1 Ke7 25. Ka1 Rf7 26. Be2 Ng7 27. Bd3 Nh5 28. Rf1 Kd8
29. Be2 Ng7 30. Bd3 Nh5 31. Qd1 Kc7 32. Be2 Ng7 33. Bd3 Nh5 34. Be2 Ng7 35. Rfg1
Rg8 36. Bd3 Nh5 37. Be2 Ng7 38. Nf1 Rgf8 39. Nd2 Bc8 40. Rf1 Bd7 41. Bd3 Nh5 42.
Be2 Ng7 43. Bd3 Nh5 44. Be2 Ng7 45. Bd3 Nh5 {Game drawn by repetition} 1/2-1/2